 Dungeon Crawl Stone Soup version 0.22.1-1-ga44c0e5 (webtiles) character file.

118 Harpaggios the Grave Robber (level 4, 0/33 HPs)
             Began as a Mummy Necromancer on Oct 18, 2018.
             Slain by a shadow imp (3 damage)
             ... summoned by Natasha
             ... on level 3 of the Dungeon.
             The game lasted 00:09:07 (2535 turns).

Harpaggios the Grave Robber (Mummy Necromancer)     Turns: 2535, Time: 00:09:08

Health: 0/33       AC:  6    Str: 11    XL:     4   Next: 72%
Magic:  6/9        EV: 12    Int: 15    God:
Gold:   111        SH:  0    Dex: 12    Spells: 8/10 levels left

rFire    x . .     SeeInvis .   b - +1 whip (elec)
rCold    + . .     Gourm    .   (no shield)
rNeg     + + +     Faith    .   a - +1 robe
rPois    ∞         Spirit   .   e - +2 helmet
rElec    .         Reflect  .   (no cloak)
rCorr    .         Harm     .   (no gloves)
MR       .....                  (no boots)
Stlth    ++........             (no amulet)
HPRegen  0.11/turn              (no ring)
MPRegen  0.11/turn              (no ring)

@: very slightly contaminated
A: no food or potions, fire vulnerability, cold resistance 1, negative energy
resistance 3, torment resistance, unbreathing
a: no special abilities


You were on level 3 of the Dungeon.
You were not hungry.

You visited 1 branch of the dungeon, and saw 3 of its levels.

You collected 111 gold pieces.

Inventory:

Hand Weapons
 b - a +1 whip of electrocution (weapon)
Armour
 a - a +1 robe (worn)
 e - a +2 helmet (worn)
Wands
 j - a wand of scattershot (5)
 k - a wand of iceblast (10)
Scrolls
 c - 3 scrolls of teleportation
 d - 3 scrolls of remove curse
 f - a scroll of identify


   Skills:
 + Level 1.7 Fighting
 + Level 2.3 Dodging
 + Level 2.3 Stealth
 + Level 3.6 Spellcasting
 + Level 4.4 Necromancy


You had 8 spell levels left.
You knew the following spells:

 Your Spells              Type           Power        Failure   Level  Hunger
a - Pain                  Necr           ###.         3%          1    N/A
b - Animate Skeleton      Necr           N/A          3%          1    N/A

Your spell library contained the following spells:

 Spells                   Type           Power        Failure   Level  Hunger
 Vampiric Draining        Necr           ###.......   9%          3    N/A
 Animate Dead             Necr           N/A          30%         4    N/A
 Regeneration             Chrm/Necr      Unusable     N/A         3    N/A

Dungeon Overview and Level Annotations

Branches:
Dungeon (3/15)

Altars:

Annotations:
D:3 2 transporters, Natasha


Innate Abilities, Weirdness & Mutations

You do not eat or drink.
Your flesh is vulnerable to fire.
You are immune to poison.
Your flesh is cold resistant. (rC+)
You are immune to negative energy. (rN+++)
You are immune to unholy pain and torment.
You can survive without breathing.


Message History

The shadow imp hits you but does no damage.
You barely miss Natasha.
The shadow imp hits you but does no damage.
The shadow imp closely misses you.
Natasha wildly gestures.
You feel troubled. Natasha claws you.
* * * LOW HITPOINT WARNING * * *
Casting: Pain (safe; 3% risk of failure)
Confirm with . or Enter, or press ? or * to list all spells.
Aiming: Pain (safe; 3% risk of failure)
Press: ? - help, Shift-Dir - straight line, f/p - Natasha
Aim: Natasha (chance to defeat MR: 75%) Natasha writhes in agony!
The shadow imp completely misses you. Natasha casts a spell at you.
The magic dart hits you!
* * * LOW HITPOINT WARNING * * *
The shadow imp hits you but does no damage.
The shadow imp hits you.
You die...

#### #.. ######.##
#.....5.####.#
#.##.h........
##.##5#..####.
#..†@.#.......#
#..#####.###### #.
#..#####.# #.
#........########
##.
#.......###.......#
#..
#.#.###.##>...)#..#
#.. #.#.
#.##.....#.(###.. #
##
..##.....(.(.....
#.##.....#..###..


You could see Natasha and 2 shadow imps.

Vanquished Creatures
  Ijyb (D:3)
  3 adders
  A shadow imp (D:3)
  A dart slug (D:3)
  A leopard gecko (D:2)
  4 orcs (D:3)
  5 giant cockroaches
  4 hobgoblins
  2 quokkas (D:2)
  2 ball pythons (D:2)
  3 bats (D:1)
  A frilled lizard (D:2)
  4 goblins
  6 kobolds
  3 rats
41 creatures vanquished.

Vanquished Creatures (collateral kills)
  An adder (D:3)
  2 bats (D:2)
  A frilled lizard (D:2)
4 creatures vanquished.

Grand Total: 45 creatures vanquished

Notes
Turn   | Place    | Note
-------+----------+-------------------------------------------
     0 | D:1      | Harpaggios the Mummy Necromancer began the quest for the
                  | Orb.
     0 | D:1      | Reached XP level 1. HP: 13/13 MP: 4/4
   456 | D:1      | Reached XP level 2. HP: 17/20 MP: 5/5
   885 | D:2      | Learned a level 1 spell: Animate Skeleton
  1462 | D:2      | Reached skill level 1 in Fighting
  1462 | D:2      | Reached XP level 3. HP: 26/26 MP: 3/7
  2153 | D:3      | Noticed Ijyb
  2160 | D:3      | Killed Ijyb
  2283 | D:3      | Reached XP level 4. HP: 25/32 MP: 9/9
  2384 | D:3      | Found a transporter.
  2445 | D:3      | Found a transporter.
  2521 | D:3      | Noticed Natasha
  2535 | D:3      | Slain by a shadow imp

Skill      XL: |  1  2  3 |
---------------+----------+-----
Spellcasting   | 3 |  3.6
Stealth        | 2 |  2.3
Fighting       | 1 |  1.7
Dodging        | 2 |  2.3
Necromancy     | |  4.4

Action                   |  1- 3 |  4- 6 || total
-------------------------+-------+-------++-------
Melee: Unarmed           |    82 |     4 ||    86
       Whip              |       |    14 ||    14
 Cast: Pain              |    50 |    19 ||    69
       Animate Skeleton  |    11 |       ||    11
  Use: Scroll            |     3 |     4 ||     7
 Stab: Sleeping          |     1 |       ||     1
Armor: Robe              |    29 |    10 ||    39
Dodge: Dodged            |    72 |    16 ||    88
